 Dungeon Crawl Stone Soup version 0.24-a0-250-g6074511 (webtiles) character file.

Game seed: 15959527417176986290

598 Borgoz the Cutter (level 7, -1/44 HPs)
             Began as a Kobold Gladiator on Apr 14, 2019.
             Slain by an orc
             ... wielding a +2 whip of electrocution
              (13 damage)
             ... on level 4 of the Dungeon.
             The game lasted 00:07:23 (4040 turns).

Borgoz the Cutter (Kobold Gladiator)                Turns: 4040, Time: 00:07:23

Health: -1/44      AC:  7    Str: 14    XL:     7   Next: 68%
Magic:  0/7        EV: 18    Int:  9    God:
Gold:   316        SH:  0    Dex: 16    Spells: 6/6 levels left

rFire    . . .     SeeInvis .   a - +0 rapier
rCold    . . .     Gourm    .   (shield restricted)
rNeg     . . .     Faith    .   b - +0 leather armour
rPois    .         Spirit   +   c - +0 helmet
rElec    .         Reflect  .   u - scarf {cloud immunity}
rCorr    .         Harm     .   (no gloves)
MR       .....                  w - +2 pair of boots
Stlth    +.........             q - amulet of guardian spirit
HPRegen  0.14/turn              (no ring)
MPRegen  0.10/turn              (no ring)

@: no status effects
A: small, carnivore
a: no special abilities


You were on level 4 of the Dungeon.
You were very full.

You visited 1 branch of the dungeon, and saw 4 of its levels.

You collected 316 gold pieces.

Inventory:

Hand Weapons
 a - a +0 rapier (weapon)
Armour
 b - a +0 leather armour (worn)
 c - a +0 helmet (worn)
 u - a scarf of cloud immunity (worn)
 w - a +2 pair of boots (worn)
Jewellery
 q - an amulet of guardian spirit (around neck)
Scrolls
 g - a scroll of identify {unknown}
 j - a scroll of enchant armour {unknown}
 k - a scroll of noise {unknown}
 n - 3 scrolls of blinking {unknown}
 p - a scroll of amnesia {unknown}
 s - a scroll of random uselessness {unknown}
 t - a scroll of fog {unknown}
 v - 2 scrolls of enchant weapon {unknown}
Potions
 d - a potion of magic {unknown}
 e - 3 potions of curing
 h - 2 potions of berserk rage {unknown}
 i - a potion of might {unknown}
 l - 2 potions of mutation {unknown}
 m - 2 potions of flight {unknown}
 r - a potion of lignification {unknown}
Comestibles
 f - 6 rations


   Skills:
 + Level 4.7 Fighting
 + Level 6.4 Short Blades
 - Level 2.1 Throwing
 + Level 2.9 Armour
 + Level 5.9 Dodging


You had 6 spell levels left.
You didn't know any spells.
Your spell library was empty.

Dungeon Overview and Level Annotations

Branches:
Dungeon (4/15)
 Temple: D:4-7

Altars:
Kikubaaqudgha
Nemelex Xobeh
Uskayaw
Wu Jian


Innate Abilities, Weirdness & Mutations

You are small and have problems with some larger weapons.
You are carnivorous and can eat meat at any time.


Message History

The orc priest calls down the wrath of Beogh upon you.
Beogh smites you! The orc hits you but does no damage.
You hear a shout!
There is an escape hatch in the ceiling here.
You are too injured to fight recklessly!
You are too injured to fight recklessly!
Unknown command.
You feel better.
The orc priest hits you from afar with a +0 trident!
The orc misses you.
You hit the orc but do no damage.
An orc comes into view. It is wielding a -3 mace.
The orc priest hits you but does no damage.
The orc closely misses you.
You barely miss the orc. The orc hits you with a +0 mace.
The orc priest closely misses you.
The orc hits you with a +2 whip of electrocution.
* * * LOW HITPOINT WARNING * * *
You are electrocuted!
You die...

#.. ..#
#####.#
##......
....#.# #
...o##.#..#
#oo......#
#.@# ### #.)#
... #.)# .#
#.# #..# .#
#.# # #%.##
.# #.#
#.##..)# #.#
#.#
#....#.###.#
###.###
#......##..##
#......
#...#...^...#
#.#.###


You could see an orc priest and 2 orcs.

Vanquished Creatures
  A phantom (D:4)
  An ogre (D:4)
  2 vampire bats (D:2)
  A hound (D:2)
  Jessica (D:2)
  Natasha (thrice) (D:2)
  An iguana (D:3)
  2 worker ants (D:4)
  5 adders
  4 worms
  A dart slug (D:2)
  2 leopard geckos
  9 orcs
  3 bat skeletons (D:2)
  3 bat zombies (D:2)
  A giant cockroach (D:2)
  11 hobgoblins
  4 jackals (D:3)
  2 quokkas (D:3)
  A ball python (D:2)
  6 bats
  4 frilled lizards
  5 goblins
  2 kobolds
  8 rats
83 creatures vanquished.

Vanquished Creatures (others)
  2 fungi (D:4)
  2 toadstools (D:3)
4 creatures vanquished.

Grand Total: 87 creatures vanquished

Notes
Turn   | Place    | Note
-------+----------+-------------------------------------------
     0 | D:1      | Borgoz the Kobold Gladiator began the quest for the Orb.
     0 | D:1      | Reached XP level 1. HP: 12/12 MP: 1/1
   213 | D:1      | You fall through a shaft!
   216 | D:2      | Reached XP level 2. HP: 18/18 MP: 2/2
   350 | D:2      | Reached skill level 1 in Armour
   350 | D:2      | Reached XP level 3. HP: 13/22 MP: 3/3
   409 | D:2      | Reached XP level 4. HP: 17/27 MP: 4/4
   805 | D:2      | Found an ornate altar of the Wu Jian Council.
   806 | D:2      | Noticed Natasha
   816 | D:2      | Killed Natasha
  1065 | D:2      | Reached skill level 5 in Short Blades
  1065 | D:2      | Reached XP level 5. HP: 27/32 MP: 5/5
  1225 | D:2      | Noticed Jessica
  1231 | D:2      | Killed Jessica
  1350 | D:2      | Found an ancient bone altar of Kikubaaqudgha.
  1372 | D:2      | Reached XP level 6. HP: 38/38 MP: 6/6
  1421 | D:2      | Noticed Natasha
  1434 | D:2      | Killed Natasha
  1434 | D:2      | Reached skill level 5 in Dodging
  1463 | D:2      | Noticed Natasha
  1477 | D:2      | Killed Natasha
  2191 | D:3      | HP: 1/38 [orc/+0 falchion (8)]
  3365 | D:3      | Found a sparkling altar of Nemelex Xobeh.
  3365 | D:3      | Found a transporter.
  3379 | D:3      | Reached XP level 7. HP: 43/43 MP: 7/7
  3640 | D:4      | Reached skill level 6 in Short Blades
  3987 | D:4      | Found a hide-covered altar of Uskayaw.
  4040 | D:4      | Slain by an orc

Levels and vault maps discovered:
D:1:      erik_arrival_cave_to_civilisation [erik_arrival_cave_to_temple],
          layout_basic, minmay_pentomino_z2
D:2:      layout_loops_ring, nicolae_overflow_crystal_walls,
          kennysheep_vampire_church, uniq_natasha, uniq_jessica
D:3:      layout_loops_cross, minmay_gold_behind_fungi,
          hangedman_decor_clover_reticule, grunt_nemelex_the_gamble
D:4:      layout_loops_ring, grunt_temple_overflow_forces_of_nature,
          lemuel_round_altar, tgw_trog, elyvilon_altar_3, first_ration

Skill      XL: |  1  2  3  4  5  6  7 |
---------------+----------------------+-----
Armour         | 1 2 |  2.9
Dodging        | 4 5 |  5.9
Fighting       | 3 4 |  4.7
Short Blades   | 5 6 |  6.4
Throwing       | |  2.1

Action                   |  1- 3 |  4- 6 |  7- 9 || total
-------------------------+-------+-------+-------++-------
Melee: Rapier            |    53 |   285 |    71 ||   409
Throw: Throwing net      |       |     4 |       ||     4
  Use: Potion            |       |     1 |     2 ||     3
 Stab: Sleeping          |       |     2 |       ||     2
  Eat: Chunk             |     7 |    10 |       ||    17
Armor: Leather armour    |     7 |    76 |    11 ||    94
Dodge: Dodged            |    51 |   298 |    43 ||   392

Table legend:
 A = Non-vault XP
 B = Vault XP
 C = Vault XP percentage of total XP
 D = Non-vault monster count
 E = Vault monster count
 F = Vault count percentage of total count
                 A         B        C        D         E       F
            +---------+---------+-------+---------+---------+-------
      Total |     609 |     246 |  28.8 |      67 |      16 |  19.3
            +---------+---------+-------+---------+---------+-------
        D:1 |      18 |       7 |  28.0 |      11 |       4 |  26.7
        D:2 |     177 |     201 |  53.2 |      23 |      10 |  30.3
        D:3 |      94 |      38 |  28.8 |      26 |       2 |   7.1
        D:4 |     320 |       0 |   0.0 |       7 |       0 |   0.0
            +---------+---------+-------+---------+---------+-------
